[Event "Rudolf Teschner GT 2022"]
[Site "Berlin"]
[Date "2022.05.29"]
[Round "7.6"]
[White "Tiarks, Jann-Christian"]
[Black "Gressmann, Moritz"]
[Result "1-0"]
[ECO "C84"]
[WhiteElo "2211"]
[BlackElo "2094"]
[Annotator "TA"]
[PlyCount "95"]
[EventDate "2022.05.25"]
[EventType "swiss"]
[EventCountry "GER"]
[SourceTitle "playchess.com"]
[Source "ChessBase"]
[SourceQuality "1"]
[TimeControl "5400+30"]

1. e4 e5 2. Nf3 Nc6 3. Bb5 a6 4. Ba4 Nf6 5. O-O Be7 6. d3 b5 7. Bb3 d6 8. c3 O-O 9. a4 {[%emt 0:00:37] 9.h3 gains popularity. C84: Closed Ruy Lopez: Unusual White 6th moves.} Bb7 10. Bc2 Nb8 11. axb5 {[%emt 0:05:36] The position is equal.} axb5 12. Rxa8 Bxa8 13. Na3 {[%emt 0:00:20] [#]} Qe8 $146 (13... c6 $11 {was preferrable.}) ({Predecessor:} 13... Qd7 14. Re1 Qc6 15. d4 Nbd7 16. Bd3 Rb8 17. d5 Qa6 18. Qe2 c6 19. dxc6 Bxc6 {1-0 (50) Georgakopoulos,N (2060)-Chompitakis,K (1659) Chania 2018}) 14. Re1 c5 15. d4 b4 16. dxe5 bxa3 17. exf6 Bxf6 18. Qxd6 a2 (18... Be7 $2 19. Qg3 $18) 19. Be3 Bxe4 20. Bb3 (20. Bxc5 $2 Bxc2 $1 21. Ra1 (21. Rxe8 $2 Rxe8 22. h3 a1=Q+ $19) 21... Nd7 22. Rxa2 Nxc5 23. Qxc5 Qb8 $19) (20. Bxe4 Qxe4 21. Nd2 (21. Bxc5 Re8 $17) (21. Qxc5 $2 Nd7 $19) 21... Qb7 22. Bxc5 Nd7 $15) 20... Be7 (20... Bb1 $11 {keeps the balance.} 21. Bxa2 Bxa2 22. Bxc5 Be6) 21. Qc7 $16 {[%emt 0:03:42] 0x0.002d01511ce1dp-1022s more active pieces. The black rooks are badly placed.} Na6 {[%emt 0:15:25] [#]} 22. Qa5 Qc6 23. Qxa2 ({Reject} 23. Bxa2 $6 Bxf3 24. gxf3 Qg6+ 25. Kf1 (25. Kh1 Qc6 $11) 25... Qd3+ 26. Kg2 Qg6+ 27. Kh1 Qc6 $11) 23... Bxf3 24. gxf3 Nc7 25. Bf4 {[%emt 0:01:40] A strong pair of Bishops.} Ra8 26. Qb1 ({Stronger than} 26. Rxe7 Rxa2 27. Bxa2 Ne6 28. Bxe6 fxe6 $15) (26. Bxf7+ $142 Kf8 27. Qc4) 26... Bd6 $2 (26... Ne6 $16 27. Bxe6 fxe6) 27. Bxd6 $2 (27. Qf5 $18 {and the rest is easy.} c4 28. Bxd6 (28. Bxc4 Qxc4 29. Bxd6 Ne6 $18) 28... Qxd6 29. Bxc4) 27... Qxd6 28. Qf5 Rf8 29. Rd1 Qc6 30. Bc4 {[%emt 0:05:17] Black must now prevent Rd7.} g6 {[%emt 0:02:50] [#]} 31. Qe4 (31. Qf4 $142 $1) 31... Qf6 {[%emt 0:00:28] Against Rd6} 32. Rd7 Ne6 33. Bxe6 fxe6 {[%emt 0:00:01][%mdl 4096] Endgame KQR-KQR} (33... Qxe6 $16 34. Qxe6 fxe6) 34. Kg2 h5 $2 (34... Qg5+ $16 35. Qg4 Qxg4+ 36. fxg4 Rb8) 35. h4 $18 {[%emt 0:00:32] Strongly threatening Rc7.} Kh8 $2 (35... Rf7 36. Rd6 Kg7 37. Rxe6 Qf5) 36. Rc7 Rg8 37. Qb7 Rf8 38. Qe4 $40 {[%emt 0:00:16][%mdl 128] White mounts an attack.} (38. b4 $18) 38... c4 $2 (38... Rg8 $1 $11 39. Rxc5 g5) 39. Rxc4 g5 40. Rc7 Qh6 {[%emt 0:00:21] Inhibits Qh7+.} 41. Qe5+ Qf6 42. Qxf6+ Rxf6 43. hxg5 {[%emt 0:00:20] KR-KR} Rf5 44. b4 Rxg5+ 45. Kh3 Rf5 46. Kg3 {[%emt 0:00:09] Hoping for c4.} h4+ 47. Kxh4 {[%emt 0:00:09] c4 is the strong threat.} Rxf3 48. b5 {[%emt 0:00:23] Weighted Error Value: White=0.30/Black=0.66} 1-0